 Dungeon Crawl Stone Soup version 0.28-a0-909-g796cbd3a86 (webtiles) character file.

Game seed: 15398749324193099219

74 Zonian the Poker (level 4, 0/46 (49) HPs)
             Began as a Demonspawn Gladiator on Nov 25, 2021.
             Was an Initiate of Ashenzari.
             Succumbed to an adder's poison
             ... on level 3 of the Dungeon.
             The game lasted 00:04:04 (2530 turns).

Zonian the Poker (Demonspawn Gladiator)             Turns: 2530, Time: 00:04:05

HP:   0/46 (49)     AC:  4    Str: 14    XL:     4   Next: 10%
MP:   4/4           EV: 13    Int:  9    God:    Ashenzari [......]
Gold: 139           SH:  4    Dex: 16    Spells: 3/3 levels left

rFire   . . .      SeeInvis .   a - +0 trident
rCold   . . .      Faith    .   (no shield)
rNeg    . . .      Spirit   .   b - +0 leather armour
rPois   .          Reflect  .   c - +0 helmet "Circumscribed Vision" {Evo, Cun} (curse)
rElec   .          Harm     .   (no cloak)
rCorr   .          Rampage  .   (no gloves)
Will    .....                   (no boots)
Stlth   ..........              (no amulet)
HPRegen 0.15/turn               (no ring)
MPRegen 0.09/turn               (no ring)

@: berserking, lethally poisoned (0 -> -7), drained, very quick
A: condensation shield
a: Renounce Religion, Shatter the Chains


You were on level 3 of the Dungeon.
You worshipped Ashenzari.
Ashenzari was noncommittal.
You visited 1 branch of the dungeon, and saw 3 of its levels.

You collected 139 gold pieces.

Inventory:

Hand Weapons
 a - a +0 trident (weapon)
 j - a +0 war axe
 o - a +0 hunting sling
 r - a +0 whip of draining
Missiles
 d - 2 throwing nets (quivered)
 k - 17 sling bullets
Armour
 b - a +0 leather armour (worn)
 c - the cursed +0 helmet "Circumscribed Vision" (worn) {Evo, Cun}

   It has a curse which improves the following skills: Evocations: Evocations.
   Cunning:   Dodging and Stealth.
Jewellery
 h - a ring of protection from cold
Scrolls
 f - 3 scrolls of enchant weapon {unknown}
 g - a scroll of fog {unknown}
 l - a scroll of identify
 m - a scroll of noise {unknown}
Potions
 e - a potion of flight
 i - 2 potions of haste
 p - a potion of degeneration {unknown}
 q - a potion of magic


   Skills:
 + Level 2.2 Fighting
 + Level 3.6 Polearms
 + Level 1.9 Throwing
 + Level 0.8 Armour
 + Level 3.3(3.8) Dodging
 + Level 0.1(0.2) Stealth


You had 3 spell levels left.
You didn't know any spells.
Your spell library contained the following spells:

 Spells                   Type           Power      Damage    Failure   Level
 Animate Skeleton         Necr           0%         N/A       45%         1
 Apportation              Tloc           0%         N/A       45%         1
 Summon Small Mammal      Summ           0%         N/A       45%         1


Dungeon Overview and Level Annotations

Branches:
Dungeon (3/15)

Altars:
Ashenzari


Innate Abilities, Weirdness & Mutations

A meltable shield of frost defends you. (SH +4)


Message History

You feel sick. The adder bites you.
You are more poisoned.
The adder poisons you! The adder bites you but does no damage.
Unknown command.
Throw: 3 throwing nets
Press: ? - help, Q - select action, (/) - cycle Shift-Dir - straight line, f - adder
Aim: an adder (moderately wounded, 42% to hit)
You throw a throwing net. The throwing net hits the adder.
The adder is caught in the net!
The adder is moderately wounded.
You feel sick.
The adder struggles against the net.
You strike the helpless adder from behind!
You hit the adder.
The adder is severely wounded.
* * * LOW HITPOINT WARNING * * *
You feel sick.
The adder struggles against the net.
You hit the adder.
The adder is severely wounded.
* * * LOW HITPOINT WARNING * * *
You feel sick.
The adder struggles against the net.
The net rips apart, and the adder comes free!
The adder bites you but does no damage.
You barely miss the adder.
The adder is severely wounded.
You feel sick. The adder bites you.
* * * LOW HITPOINT WARNING * * *
You are lethally poisoned!
The adder poisons you!
Unknown command.
It was a potion of berserk rage.
A red film seems to cover your vision as you go berserk!
You feel yourself moving faster!
You feel mighty!
* * * LOW HITPOINT WARNING * * *
You feel sick. The adder closely misses you. The adder bites you.
* * * LOW HITPOINT WARNING * * *
You are too berserk!
Unknown command.
You puncture the adder!
You kill the adder!
You die...

#.#..#...# #.# #.#..#.#.# #.#
####'#..#...# #.#
#.......#...### ###### #.#
#.......#...... ......##.#
#.......#...#.# .......#.#
#..............
......o#.########.......#####.#
...........og.@........>.......
.......##.######.##########.###
....... #..# #.# #.# ......#
##.## #.# #.# ###### #..# #.#
#.# ##.# #.# #.# #.# #.# #.#
#.## #.# #.# #..# #.# #.#


You could see an orc and a hobgoblin.

Vanquished Creatures
  3 gnolls (D:2)
  2 adders (D:3)
  A dart slug (D:2)
  A worm (D:2)
  A ball python (D:1)
  A bat (D:3)
  3 endoplasms (D:2)
  A giant cockroach (D:2)
  6 goblins
  4 hobgoblins
  2 kobolds
  3 quokkas
  3 rats
31 creatures vanquished.

Vanquished Creatures (others)
  2 plants (D:1)
2 creatures vanquished.

Grand Total: 33 creatures vanquished

Notes
Turn   | Place    | Note
-------+----------+-------------------------------------------
     0 | D:1      | Zonian the Demonspawn Gladiator began the quest for the
                  | Orb.
     0 | D:1      | Reached XP level 1. HP: 16/16 MP: 1/1
    81 | D:1      | You fall into a shaft and drop 1 floor!
   358 | D:1      | Found a faded altar of an unknown god.
   372 | D:1      | Prayed at the altar of an unknown god.
   372 | D:1      | Became a worshipper of Ashenzari the Shackled
   391 | D:1      | Gained mutation: A meltable shield of frost defends you.
                  | (SH +4) [demonic ancestry]
   391 | D:1      | Reached XP level 2. HP: 13/22 MP: 2/2
   871 | D:2      | Reached XP level 3. HP: 26/27 MP: 3/3
  1978 | D:3      | Reached XP level 4. HP: 21/33 MP: 4/4
  2529 | D:3      | HP: 1/46 [adder (4)]
  2530 | D:3      | Succumbed to an adder's poison

Illustrated notes

Levels and vault maps discovered:
D:1:      roderic_crop_circles_arrival_small, layout_rooms,
          basic_ecumenical_altar
D:2:      layout_basic
D:3:      layout_basic, pdpol_wu_jian_five_deadly_venoms,
          uniq_crazy_yiuf_cottage

Skill      XL: |  1  2 |
---------------+-------+-----
Polearms       | 3 |  3.6
Dodging        | 3 |  3.3
Fighting       | |  2.2
Throwing       | |  1.9
Armour         | |  0.8
Stealth        | |  0.1

Action                   |  1- 3 |  4- 6 || total
-------------------------+-------+-------++-------
Melee: Trident           |   103 |    21 ||   124
Throw: Throwing net      |       |     4 ||     4
Invok: Curse Item        |     1 |       ||     1
  Use: Scroll            |     3 |       ||     3
       Potion            |       |     1 ||     1
 Stab: Held in net/web   |       |     1 ||     1
Armor: Leather armour    |    20 |     4 ||    24
Dodge: Dodged            |    44 |     9 ||    53
Block: Other             |     9 |     1 ||    10

Table legend: (Time is in decaauts)
 A = Elapsed time spent in this place.
 B = Non-inter-level travel time spent in this place.
 C = Inter-level travel time spent in this place.
 D = Time resting spent in this place.
 E = Time spent auto-exploring this place.
 F = Levels seen in this place.
 G = Mean time per level.
                   A        B        C        D        E       F      G
               +--------+--------+--------+--------+--------+-----+--------+
         Total |   2547 |   2464 |     83 |    619 |   1475 |   3 |  849.0 |
       Dungeon |   2547 |   2464 |     83 |    619 |   1475 |   3 |  849.0 |
               +--------+--------+--------+--------+--------+-----+--------+

Top non-repeatable levels by time:
     D:2: 1223 daAuts
     D:1: 668 daAuts
     D:3: 655 daAuts
